 Dungeon Sprint DCSS version 0.28-a0-101-g18048e5a82 (webtiles) character file.

Game seed: 6935783156530082949

158 MikeHunt the Spear-Bearer (level 5, 0/49 HPs)
             Began as a Naga Wanderer on Aug 10, 2021.
             Slain by a human (3 damage)
             ... in the Dungeon (Sprint III: "The Ten Rune Challenge").
             The game lasted 00:02:54 (660 turns).

MikeHunt the Spear-Bearer (Naga Wanderer)            Turns: 660, Time: 00:02:54

Health: 0/49       AC:  4    Str: 16    XL:     5   Next: 39%
Magic:  5/5        EV:  9    Int: 11    God:
Gold:   29         SH:  0    Dex: 11    Spells: 4/4 levels left

rFire   . . .      SeeInvis +   a - +2 spear
rCold   . . .      Faith    .   (no shield)
rNeg    . . .      Spirit   .   c - +0 robe
rPois   +          Reflect  .   (no helmet)
rElec   .          Harm     .   h - +1 cloak
rCorr   .          Rampage  .   (no gloves)
Will    .....      NoTele   +   (no barding)
Stlth   +++.......              (no amulet)
HPRegen 0.16/turn               (no ring)
MPRegen 0.09/turn               (no ring)

@: very slow
A: AC +1, large, see invisible, deformed body, poison resistance, slowness 2,
spit poison 1, naga tail 1
a: Spit Poison


You were in the Dungeon.
You visited 1 branch You collected 29 gold pieces.

Inventory:

Hand Weapons
 a - a +2 spear (weapon)
 d - a +0 dagger
 j - a +1 spectral club
Armour
 c - a +0 robe (worn)
 h - a +1 cloak (worn)
Scrolls
 i - a scroll of blinking
 l - a scroll of holy word {unknown}
 m - a scroll of identify {unknown}
 n - a scroll of torment {unknown}
Potions
 b - 3 potions of curing
 g - 2 potions of magic
 k - 2 potions of flight {unknown}
 o - a potion of attraction {unknown}
 p - 6 potions of mutation


   Skills:
 - Level 3.0 Fighting
 - Level 1.0 Short Blades
 + Level 10.4 Polearms
 - Level 1.0 Dodging
 - Level 5.8 Stealth


You had 4 spell levels left.
You didn't know any spells.
Your spell library was empty.

Dungeon Overview and Level Annotations

Branches:
Dungeon (1/1)

Altars:
Okawaru
Trog
Uskayaw
Wu Jian
Beogh


Innate Abilities, Weirdness & Mutations

Your serpentine skin is tough. (AC +1)
You have supernaturally acute eyesight. (SInv)
Armour fits poorly on your strangely shaped body.
Your system is resistant to poisons. (rPois)
You cover ground very slowly.
You can spit poison.
You have a snake-like lower body.


Message History

Aim: a human (moderately wounded, strong, about 42% to evade your +2 spear)
You miss the human.
The human is moderately wounded.
The human hits you with a +0 short sword!
The human hits you but does no damage.
Reach: a) +2 spear
Press: ? - help, Dir - move target, f/p - human
Aim: a human (moderately wounded, strong, about 42% to evade your +2 spear)
You hit the human but do no damage.
The human is moderately wounded.
Reach: a) +2 spear
Press: ? - help, Dir - move target, f/p - human
Aim: a human (moderately wounded, strong, about 42% to evade your +2 spear)
You hit the human but do no damage.
The human is moderately wounded.
The human drinks a potion.
The human goes berserk!
The human hits you but does no damage.
Okay, then.
The human closely misses you. The human completely misses you.
Press: ? - help, Shift-Dir - straight line, f/p - human
Aim: a human (lightly wounded, strong)
The splash of poison misses the human.
The human hits you with a +0 short sword!
The human barely misses you.
The human hits you with a +0 short sword!
Blink to where?
Press: ? - help, Dir - move target, p - human
As you read the scroll of blinking, it crumbles to dust.
You close the door.
You hear a shout!
A human opens the door.
You have got your breath back.
The human hits you with a +0 short sword.
* * * LOW HITPOINT WARNING * * *
The human hits you with a +0 short sword!
* * * LOW HITPOINT WARNING * * *
Things that are here:
a +2 quarterstaff of chaos; the gnoll skeleton of Crazy Yiuf The human hits you with a +0 short sword.
You die...

▓...#......#####..# #___
▓..##...[...#..#..# #__
▓##.##.##...#..#..###+#'###+#
##.##.###..##'#..#......§...
▓#.####.##..###...'.⌠.p......
▓.###..##..####...#...######+
▓#.....##..###....#.⌠.# .
###..##...##..p..#...# .
##†.##....#@p....#+### .
#..###..##.#.....# . #..# #..
####....# . ▓▓▓▓ ▓▓▓ ▓▓▓▓▓▓ ▓


You could see 2 humans.

Vanquished Creatures
  A water elemental (D)
  A jelly (D)
  Crazy Yiuf (D)
  Jessica (D)
  A human (D)
  An endoplasm (D)
  A rat (D)
7 creatures vanquished.

Vanquished Creatures (others)
  2 plants (D)
2 creatures vanquished.

Grand Total: 9 creatures vanquished

Notes
Turn   | Place    | Note
-------+----------+-------------------------------------------
     0 | D        | MikeHunt the Naga Wanderer began the quest for the Orb.
     0 | D        | MikeHunt set off with the following items: a +2 spear, 3
                  | potions of curing, a +0 robe, a +0 dagger, a potion of heal
                  | wounds, a potion of haste, 2 potions of magic, a potion of
                  | berserk rage, a scroll of blinking
     0 | D        | Reached XP level 1. HP: 21/21 MP: 1/1
    13 | D        | Reached skill level 2 in Polearms
    27 | D        | Noticed Jessica
    31 | D        | Killed Jessica
    32 | D        | Reached skill level 6 in Polearms
    32 | D        | Reached XP level 2. HP: 18/28 MP: 2/2
    32 | D        | Reached XP level 3. HP: 22/34 MP: 3/3
   359 | D        | Noticed Crazy Yiuf
   365 | D        | Killed Crazy Yiuf
   366 | D        | Reached skill level 8 in Polearms
   366 | D        | Reached XP level 4. HP: 32/42 MP: 4/4
   433 | D        | Noticed a water elemental
   474 | D        | Killed a water elemental
   475 | D        | Reached skill level 9 in Polearms
   475 | D        | Reached XP level 5. HP: 24/49 MP: 5/5
   634 | D        | Reached skill level 10 in Polearms
   639 | D        | Found a hide-covered altar of Uskayaw.
   639 | D        | Found an iron altar of Okawaru.
   640 | D        | Found a bloodstained altar of Trog.
   640 | D        | Found an ornate altar of the Wu Jian Council.
   640 | D        | Noticed a human
   641 | D        | Noticed a human
   660 | D        | Slain by a human

Illustrated notes

Levels and vault maps discovered:
D:        dungeon_sprint_mu [sprint_mu_entry_cave, sprint_mu_temple_rooms,
          sprint_mu_d1_spiders, sprint_mu_d2_genie, sprint_mu_d3_branching,
          sprint_mu_orc_legion, sprint_mu_elf_gauntlet, sprint_mu_hive_nellie,
          sprint_mu_lair_fedhas, sprint_mu_vaults_butterflies,
          sprint_mu_slime_circle, sprint_mu_swamp_cave, sprint_mu_snake_twists,
          sprint_mu_blade_basic, sprint_mu_crypt_fortress,
          sprint_mu_tomb_spiral, sprint_mu_vestibule_basic,
          sprint_mu_gehenna_hellfire, sprint_mu_dis_giant,
          sprint_mu_tartarus_statrot, sprint_mu_cocytus_islands, sprint_mu_zot1]

Skill      XL: |  1  2  3  4  5 |
---------------+----------------+-----
Polearms       | 6 8 9 10 | 10.4
Fighting       | |  3.0
Short Blades   | |  1.0
Dodging        | |  1.0
Stealth        | |  5.8

Action                   |  1- 3 |  4- 6 || total
-------------------------+-------+-------++-------
Melee: Spear             |    21 |    31 ||    52
 Abil: Spit Poison       |     3 |     3 ||     6
  Use: Potion            |     1 |     2 ||     3
       Scroll            |       |     1 ||     1
 Stab: Sleeping          |     2 |       ||     2
Armor: Robe              |       |     2 ||     2
Dodge: Dodged            |     1 |     6 ||     7

Table legend: (Time is in decaauts)
 A = Elapsed time spent in this place.
 B = Non-inter-level travel time spent in this place.
 C = Inter-level travel time spent in this place.
 D = Time resting spent in this place.
 E = Time spent auto-exploring this place.
 F = Levels seen in this place.
 G = Mean time per level.
                   A        B        C        D        E       F      G
               +--------+--------+--------+--------+--------+-----+--------+
         Total |    686 |    686 |      0 |    451 |      0 |   1 |  686.0 |
       Dungeon |    686 |    686 |      0 |    451 |      0 |   1 |  686.0 |
               +--------+--------+--------+--------+--------+-----+--------+

Top non-repeatable levels by time:
       D: 686 daAuts
